 Dungeon Crawl Stone Soup version 0.31-a0-108-gdf935468f2 (webtiles) character file.

Game seed: 4451705177327970598

16 KingMidas the Cudgeller (level 2, -5/31 HPs)
             Began as an Ogre Gladiator on May 28, 2023.
             Slain by Sigmund
             ... wielding a +0 scythe
              (9 damage)
             ... on level 2 of the Dungeon.
             The game lasted 00:01:23 (1058 turns).

KingMidas the Cudgeller (Ogre Gladiator)            Turns: 1058, Time: 00:01:24

Health: -5/31      AC:  5    Str: 14 (17) XL:     2   Next: 58%
Magic:  2/2        EV: 10    Int:  8 (9)  God:
Gold:   86         SH:  0    Dex:  9 (10) Spells: 1/1 levels left

rFire   . . .        a - +0 flail
rCold   . . .        (no shield)
rNeg    . . .        b - +0 robe
rPois   .            c - +2 hat
rElec   .            (no cloak)
rCorr   .            (gloves unavailable)
SInv    .            (boots unavailable)
Will    .....        (no amulet)
Stlth   +            (no ring)
HPRegen 0.25/turn    (no ring)
MPRegen 0.08/turn

%: no passive effects
@: no status effects
A: large, unfitting armour, tough skin 1
a: no special abilities


You were on level 2 of the Dungeon.
You visited 1 branch of the dungeon, and saw 2 of its levels.

You collected 86 gold pieces.

Inventory:

Hand Weapons
 a - a +0 flail (weapon)
Missiles
 d - 2 throwing nets (quivered)
 e - a large rock
Armour
 b - a +0 robe (worn)
 c - a +2 hat (worn)


   Skills:
 + Level 3.1 Fighting
 * Level 3.1 Maces & Flails
 + Level 2.3 Throwing
 - Level 2.6 Dodging


You had one spell level left.
You didn't know any spells.
Your spell library contained the following spells:

 Spells                   Type           Power      Damage    Failure   Level
 Cigotuvi's Dreadful Rot  Necr/Pois/Air  0%         N/A       54%         2
 Ignite Poison            Fire/Tmut/Pois 0%         N/A       78%         3
 Freezing Cloud           Conj/Ice/Air   0%         6-21      100%        5


Dungeon Overview and Level Annotations

Branches:
Dungeon (2/15)

Altars:

Annotations:
D:2 Sigmund


Innate Abilities, Weirdness & Mutations

You are too large for most types of armour.
You have tough skin. (AC +1)


Message History

Found a stone staircase leading down.
No target in view!
Sigmund the Dreaded comes into view.
He is wielding a +0 scythe and wearing a +2 robe of cold resistance.
Sigmund shouts!
Sigmund is nearby!
Sigmund barely misses you.
You barely miss Sigmund. Sigmund hits you with a +0 scythe.
Sigmund is nearby!
Sigmund is nearby!
You sock Sigmund!
Sigmund is moderately wounded.
Sigmund casts a spell at you.
You are confused.
You are too confused!
It was a potion of degeneration.
There was something very wrong with that liquid.
You feel weakened.
You feel dopey.
You feel clumsy. Sigmund hits you with a +0 scythe!
You miss Sigmund.
Sigmund is moderately wounded.
You closely miss Sigmund.
Sigmund is moderately wounded.
Sigmund barely misses you.
Unknown command.
Unknown command.
Sigmund attacks as you move away! Sigmund hits you with a +0 scythe!
Sigmund casts a spell at you. You resist with significant effort.
Unknown command.
Sigmund casts a spell at you. The magic dart hits you.
You feel less confused.
Sigmund hits you from afar with a +0 scythe.
* * * LOW HITPOINT WARNING * * *
Throw: 3 throwing nets
Press: ? - help, Shift-Dir - straight line, f - Sigmund
Aim: Sigmund, wielding a +0 scythe and wearing a +2 robe of cold resistance (moderately wounded, 52% to hit)
You throw a throwing net. The throwing net barely misses Sigmund.
Sigmund hits you from afar with a +0 scythe!
You die...

##.....##
##.......##
#.<.......#
#.........#
#..†......#
#.........#
#.........#
#.........# ##
#.@.......#
#...###.........#
....$.@......†..#
..####.........#
##.......##
##.[...## ###.###
#.# #.#


You could see Sigmund.

Vanquished Creatures
  2 dart slugs
  An endoplasm (D:1)
  2 hobgoblins (D:1)
  4 ball pythons
  A bat (D:1)
  2 kobolds (D:1)
  A rat (D:1)
13 creatures vanquished.

Notes
Turn   | Place    | Note
-------+----------+-------------------------------------------
     0 | D:1      | KingMidas the Ogre Gladiator began the quest for the Orb.
     0 | D:1      | Reached XP level 1. HP: 22/22 MP: 1/1
   140 | D:1      | Reached XP level 2. HP: 29/29 MP: 2/2
  1045 | D:2      | Noticed Sigmund
  1058 | D:2      | Slain by Sigmund

Illustrated notes

Levels and vault maps discovered:
D:1:      spicycebolla_arrival_ecumenical, layout_basic,
          minmay_shallow_snake_nest
D:2:      layout_rooms, minmay_large_rounded_square, uniq_crazy_yiuf_cottage,
          uniq_natasha, uniq_sigmund

Skill      XL: |  1  2 |
---------------+-------+-----
Fighting       | 3 |  3.1
Maces & Flails | 3 |  3.1
Throwing       | |  2.3
Dodging        | |  2.6

Action                     || total
---------------------------++-------
  Melee: Flail             ||    35
  Throw: Throwing net      ||     1
    Use: Scroll            ||     2
         Potion            ||     1
 Armour: Robe              ||    10
  Dodge: Dodged            ||    14

Table legend: (Time is in decaauts)
 A = Elapsed time spent in this place.
 B = Non-inter-level travel time spent in this place.
 C = Inter-level travel time spent in this place.
 D = Time resting spent in this place.
 E = Time spent auto-exploring this place.
 F = Levels seen in this place.
 G = Mean time per level.
                   A        B        C        D        E       F      G
               +--------+--------+--------+--------+--------+-----+--------+
         Total |   1066 |   1011 |     55 |      0 |    903 |   2 |  533.0 |
       Dungeon |   1066 |   1011 |     55 |      0 |    903 |   2 |  533.0 |
               +--------+--------+--------+--------+--------+-----+--------+

Top non-repeatable levels by time:
     D:1: 1038 daAuts
     D:2: 28 daAuts
